[Event "Titled Tuesday Blitz February 15 Early 2022"]
[White "Vitiugov, Nikita"]
[Black "Glidzhain, Gor"]
[WhiteFideId "4152956"]
[BlackFideId "24109932"]
[WhiteElo "2673"]
[BlackElo "2229"]
[Result "1/2-1/2"]
[Round "08"]
[TimeControl "180+1"]
[Date "2022.02.15"]
[WhiteClock "0:00:03"]
[BlackClock "0:00:07"]

1. e4 e5 2. Nf3 d6 3. Bc4 Be7 4. O-O Nf6 5. d3 O-O 6. Re1 c6 7. a4 Be6 8. Bxe6 fxe6 9. c3 h6 10. Qb3 Qd7 11. h3 Na6 12. Be3 Kh7 13. Nbd2 Nh5 14. d4 exd4 15. cxd4 d5 16. Ne5 Qc7 17. exd5 exd5 18. Ndf3 Kg8 19. Bd2 Bd6 20. Rac1 Rae8 21. Ng6 Rxe1+ 22. Rxe1 Rf6 23. Qd3 Qf7 24. Nfe5 Bxe5 25. Nxe5 Qc7 26. Ng4 Rf8 27. Qg6 Nf6 28. Nxh6+ Kh8 29. Re5 gxh6 30. Bxh6 Qh7 31. Qxh7+ Nxh7 32. Bxf8 Nxf8 33. Re7 Nb4 34. Rxb7 a5 35. f4 Ne6 36. f5 Nxd4 37. f6 Ne6 38. g4 d4 39. Re7 Nf8 40. Kf1 Nd5 41. Ra7 Nxf6 42. Rxa5 Kg7 43. Rc5 N8d7 44. Rxc6 Ne5 45. Rd6 d3 46. Rd4 Kf7 47. a5 Nc6 48. Rxd3 Nxa5 49. Rc3 Ke6 50. b4 Nb7 51. Rc6+ Nd6 52. Kg2 Ne4 53. Kf3 Kd5 54. Rc7 Ke5 55. h4 Nf6 56. g5 Nd5 57. Rc5 Ke6 58. Kg4 Nxb4 59. g6 Nd3 60. Rc3 Ne5+ 61. Kh5 Nf5 62. Kg5 Nd6 63. g7 Kf7 64. Rc7+ Kg8 65. Kf6 Ne8+ 66. Kxe5 Nxc7 67. h5 Kxg7 68. h6+ Kxh6 1/2-1/2


[Site "https://www.chess.com"]

[Event "Titled Tuesday Blitz February 15 Early 2022"]
[White "Vivas Zamora, Fabian Ernesto"]
[Black "Sahil, Tickoo"]
[WhiteFideId "3902480"]
[BlackFideId "5019710"]
[WhiteElo "1966"]
[BlackElo "2099"]
[Result "0-1"]
[Round "08"]
[TimeControl "180+1"]
[Date "2022.02.15"]
[WhiteClock "0:00:06"]
[BlackClock "0:00:22"]

1. c4 e6 2. Nf3 d5 3. b3 Nf6 4. Bb2 Be7 5. g3 O-O 6. Bg2 c5 7. O-O Nc6 8. cxd5 Nxd5 9. d4 Nf6 10. Na3 Bd7 11. Rc1 b6 12. Ne5 Rc8 13. Nxc6 Bxc6 14. Bxc6 Rxc6 15. dxc5 Rxc5 16. Rxc5 Bxc5 17. Nc4 Qe7 18. Qa1 Rd8 19. Bxf6 Qxf6 20. Qxf6 gxf6 21. Rc1 Kg7 22. Rc2 Rd1+ 23. Kg2 f5 24. Rd2 Ra1 25. Kf3 Kf6 26. Ne3 Bxe3 27. Kxe3 h5 28. Kf3 a5 29. h3 b5 30. h4 b4 31. Ke3 Ke5 32. Kf3 Kf6 33. Rc2 Ke7 34. Rc7+ Kd6 35. Rxf7 Rxa2 36. Ra7 Kd5 37. Kf4 Kd4 38. e3+ Kc3 39. f3 Kxb3 40. Kg5 a4 41. Kxh5 Rg2 42. g4 fxg4 43. fxg4 a3 44. g5 a2 45. g6 Kb2 46. Kh6 a1=Q 47. Rxa1 Kxa1 48. g7 b3 0-1


[Site "https://www.chess.com"]

[Event "Titled Tuesday Blitz February 15 Early 2022"]
[White "Vlassov, Nikolai"]
[Black "Faizrakhmanov, Ramil"]
[WhiteFideId "4103360"]
[BlackFideId "24103209"]
[WhiteElo "2407"]
[BlackElo "2502"]
[Result "1-0"]
[Round "08"]
[TimeControl "180+1"]
[Date "2022.02.15"]
[WhiteClock "0:01:25"]
[BlackClock "0:00:02"]

1. e4 c5 2. c3 Nf6 3. e5 Nd5 4. d4 cxd4 5. cxd4 d6 6. Bc4 Nb6 7. Bb3 dxe5 8. Qh5 e6 9. dxe5 g6 10. Qg5 Qxg5 11. Bxg5 Bg7 12. f4 O-O 13. Nf3 Nc6 14. Nc3 h6 15. Bf6 Bxf6 16. exf6 Nb4 17. O-O-O Bd7 18. Ne5 Rfd8 19. g4 Rac8 20. f5 gxf5 21. gxf5 N4d5 22. Rhg1+ Kf8 23. Rg7 Be8 24. Ng6+ fxg6 25. fxe6 Nxf6 26. e7+ Kxg7 27. exd8=Q Rxd8 28. Rxd8 Bc6 29. a4 g5 30. a5 Nbd7 31. Ba4 Bxa4 32. Nxa4 h5 33. b4 g4 34. Kd1 h4 35. Ke2 Kg6 36. b5 Kf5 37. a6 bxa6 38. bxa6 Nb6 39. Nxb6 1-0


[Site "https://www.chess.com"]

[Event "Titled Tuesday Blitz February 15 Early 2022"]
[White "Vokhidov, Shamsiddin"]
[Black "Khoroshev, Nikita"]
[WhiteFideId "14204223"]
[BlackFideId "14200287"]
[WhiteElo "2611"]
[BlackElo "2354"]
[Result "1-0"]
[Round "08"]
[TimeControl "180+1"]
[Date "2022.02.15"]
[WhiteClock "0:01:15"]
[BlackClock "0:01:18"]

1. e4 d5 2. exd5 Nf6 3. Nf3 Nxd5 4. d4 Bf5 5. Be2 e6 6. O-O Be7 7. c4 Nb4 8. Ne1 c5 9. a3 N4a6 10. Nf3 cxd4 11. Nxd4 Bg6 12. Bf3 Qc8 13. Qb3 Nc5 14. Qc3 O-O 15. Be3 Bf6 16. Rd1 Nc6 17. Nxc6 Bxc3 18. Ne7+ Kh8 19. Nxc8 Bxb2 20. Bxc5 Rfxc8 21. Ra2 Rxc5 22. Rxb2 Rxc4 23. Rxb7 h5 24. Rxf7 Rb8 25. Rb7 Rxb7 26. Bxb7 Rc2 27. Nd2 Ra2 28. Be4 Bxe4 29. Nxe4 Rxa3 30. h4 g6 31. Rd7 1-0


[Site "https://www.chess.com"]

[Event "Titled Tuesday Blitz February 15 Early 2022"]
[White "Volkov, Maksim"]
[Black "Shukhman, Anna"]
[WhiteFideId "54123070"]
[BlackFideId "54180058"]
[WhiteElo "2081"]
[BlackElo "1628"]
[Result "0-1"]
[Round "08"]
[TimeControl "180+1"]
[Date "2022.02.15"]
[WhiteClock "0:00:07"]
[BlackClock "0:00:31"]

1. d4 Nf6 2. c4 g6 3. g3 Bg7 4. Bg2 d5 5. Qa4+ Nc6 6. Nc3 Be6 7. cxd5 Nxd5 8. Nxd5 Bxd5 9. e4 Be6 10. d5 O-O 11. dxc6 Bg4 12. cxb7 Rb8 13. h3 Bd7 14. Qxa7 Bb5 15. Bf1 Bd4 16. Qa5 Bc6 17. Ne2 Bxe4 18. Rh2 Rxb7 19. Bg2 Bxg2 20. Rxg2 Bxb2 21. Bxb2 Rxb2 22. Qc3 Qb8 23. f4 Rd8 24. Kf1 Rdd2 25. a4 Qb7 26. Re1 Rbc2 27. Qe3 e6 28. Rf2 Qh1+ 0-1


[Site "https://www.chess.com"]

[Event "Titled Tuesday Blitz February 15 Early 2022"]
[White "Von Buelow, Georg"]
[Black "Komissarov, Alexey"]
[WhiteFideId "4620658"]
[BlackFideId "4176545"]
[WhiteElo "2215"]
[BlackElo "2216"]
[Result "0-1"]
[Round "08"]
[TimeControl "180+1"]
[Date "2022.02.15"]
[WhiteClock "0:00:11"]
[BlackClock "0:01:09"]

1. e4 e5 2. Nf3 Nc6 3. Nc3 Nf6 4. d4 exd4 5. Nxd4 Bc5 6. Be3 Bb6 7. Qd2 O-O 8. f3 d5 9. exd5 Nxd5 10. Nxd5 Qxd5 11. Nxc6 Qxc6 12. O-O-O Bf5 13. Bd3 Rfd8 14. Bxb6 Rxd3 15. Qxd3 Bxd3 0-1


[Site "https://www.chess.com"]

[Event "Titled Tuesday Blitz February 15 Early 2022"]
[White "Williams, Simon K"]
[Black "Dushyant Sharma"]
[WhiteFideId "404454"]
[BlackFideId "25065130"]
[WhiteElo "2468"]
[BlackElo "2012"]
[Result "0-1"]
[Round "08"]
[TimeControl "180+1"]
[Date "2022.02.15"]
[WhiteClock "0:00:02"]
[BlackClock "0:00:12"]

1. d4 d5 2. c4 e6 3. Nc3 c6 4. e4 dxe4 5. Nxe4 Bb4+ 6. Bd2 Qxd4 7. Bxb4 Qxe4+ 8. Be2 a5 9. Bf8 Ne7 10. Bxg7 Qxg2 11. Bxh8 Qxh1 12. Kf1 e5 13. Bf3 Qxh2 14. Qd6 Bh3+ 15. Ke2 Nd7 16. Rd1 Be6 17. b3 Nf5 18. Qd3 Nd4+ 19. Kd2 Qxf2+ 20. Be2 a4 21. b4 Nb6 22. Kc3 Bxc4 0-1


[Site "https://www.chess.com"]

[Event "Titled Tuesday Blitz February 15 Early 2022"]
[White "Willow, Jonah B"]
[Black "Xiong, Jeffery"]
[WhiteFideId "438804"]
[BlackFideId "2047640"]
[WhiteElo "2261"]
[BlackElo "2727"]
[Result "0-1"]
[Round "08"]
[TimeControl "180+1"]
[Date "2022.02.15"]
[WhiteClock "0:01:10"]
[BlackClock "0:01:48"]

1. e4 c6 2. d4 d5 3. Nc3 dxe4 4. Nxe4 Nf6 5. Nxf6+ exf6 6. c3 Bd6 7. Bd3 O-O 8. Ne2 Re8 9. O-O Nd7 10. Ng3 Nf8 11. f4 c5 12. d5 Bd7 13. f5 b5 14. Nh5 c4 15. Bc2 Kh8 16. Bh6 gxh6 17. Qg4 Ng6 18. Rae1 Rg8 19. Qd4 Ne5 20. Qh4 Rg5 0-1


[Site "https://www.chess.com"]

[Event "Titled Tuesday Blitz February 15 Early 2022"]
[White "Yuan, Qingyu"]
[Black "Sokolovsky, Yahli"]
[WhiteFideId "8609772"]
[BlackFideId "2820242"]
[WhiteElo "2359"]
[BlackElo "1770"]
[Result "1-0"]
[Round "08"]
[TimeControl "180+1"]
[Date "2022.02.15"]
[WhiteClock "0:00:22"]
[BlackClock "0:00:01"]

1. Nf3 d5 2. g3 c5 3. Bg2 Nc6 4. d4 cxd4 5. Nxd4 e5 6. Nxc6 bxc6 7. c4 Be6 8. O-O Nf6 9. Nc3 Be7 10. Bg5 e4 11. Qa4 O-O 12. Qxc6 Rc8 13. Qa6 Rxc4 14. Qxa7 Bc5 15. Qa6 Qc7 16. Bxf6 gxf6 17. Rfd1 Qe5 18. e3 Rb8 19. Rab1 Kg7 20. Ne2 Rxb2 21. Rxb2 Qxb2 22. Nf4 Rc2 23. Rf1 Qxa2 24. Nxe6+ fxe6 25. Qxe6 Bxe3 26. Qg4+ Kf8 27. Qf5 Rxf2 28. Rxf2 Bxf2+ 29. Qxf2 Qxf2+ 30. Kxf2 Ke7 31. Ke3 Ke6 32. Kd4 Kd6 33. Bh3 h6 34. Bf5 Ke7 35. Kxd5 e3 36. Bd3 f5 37. Kd4 Kf6 38. Kxe3 Kg5 39. Be2 h5 40. h4+ Kg6 41. Kf4 Kf6 42. Bc4 Kg6 43. Ke5 1-0


[Site "https://www.chess.com"]

[Event "Titled Tuesday Blitz February 15 Early 2022"]
[White "Zheenbekov, Nurgazy"]
[Black "Matveeva, Olga"]
[WhiteFideId "13800485"]
[BlackFideId "24107018"]
[WhiteElo "1959"]
[BlackElo "2083"]
[Result "1-0"]
[Round "08"]
[TimeControl "180+1"]
[Date "2022.02.15"]
[WhiteClock "0:00:42"]
[BlackClock "0:00:01"]

1. e4 e6 2. d4 d5 3. Nc3 Bb4 4. e5 c5 5. a3 Bxc3+ 6. bxc3 Ne7 7. Nf3 b6 8. Bb5+ Bd7 9. Bd3 Ba4 10. O-O c4 11. Be2 Na6 12. Ne1 Nc7 13. f4 Qd7 14. Bg4 h5 15. Bh3 g6 16. Be3 Nf5 17. Bf2 O-O-O 18. Bxf5 exf5 19. Bh4 Rde8 20. Bf6 Rhg8 21. Nf3 Ne6 22. Ng5 Nxg5 23. Bxg5 Re6 24. Rb1 Kb7 25. Rb4 Ka8 26. Qd2 Rc8 27. Rfb1 Rce8 28. Kf2 Rc8 29. Ke1 Rce8 30. Kd1 Rc8 31. Qf2 Rce8 32. Kd2 Rc8 33. Re1 Rce8 34. h3 Rh8 35. Bf6 Rhe8 36. g4 fxg4 37. hxg4 hxg4 38. Rh1 Bc6 39. Bg5 Qb7 40. Rh7 Rc8 41. Qh4 Be8 42. Qxg4 Qa6 43. Qg2 Qb7 44. Rh8 a5 45. Rb1 Qc6 46. Rbh1 b5 47. Rf8 b4 48. axb4 axb4 49. Ra1+ Kb7 50. cxb4 c3+ 51. Ke3 Qc4 52. Ra5 Qxb4 53. Qxd5+ Bc6 54. Rxf7+ Kb6 55. Qc5+ Qxc5 56. Rxc5 Rh8 57. Rxc3 Rh3+ 58. Kd2 Rh2+ 59. Kc1 Bd5 60. Rc5 Be4 61. Rf6 Rxf6 62. exf6 Rh8 63. Re5 Bf5 64. f7 1-0


[Site "https://www.chess.com"]

[Event "Titled Tuesday Blitz February 15 Early 2022"]
[White "Aaditya Dhingra"]
[Black "Korchmar, Vasiliy"]
[WhiteFideId "25678191"]
[BlackFideId "24131750"]
[WhiteElo "1789"]
[BlackElo "2370"]
[Result "1-0"]
[Round "09"]
[TimeControl "180+1"]
[Date "2022.02.15"]
[WhiteClock "0:00:04"]
[BlackClock "0:00:01"]

1. e4 c5 2. Nf3 d6 3. d4 cxd4 4. Nxd4 Nf6 5. f3 e5 6. Nb3 Be6 7. c4 Nbd7 8. Nc3 Rc8 9. Be3 Bxc4 10. Bxc4 Rxc4 11. Bxa7 b6 12. Nb5 d5 13. O-O dxe4 14. fxe4 Be7 15. Qd3 Rxe4 16. a4 O-O 17. a5 Nc5 18. Qxd8 Rxd8 19. Bxb6 Nxb3 20. Bxd8 Bxd8 21. a6 Nxa1 22. Rxa1 Bb6+ 23. Kh1 Rb4 24. Nd6 Rxb2 25. Nc4 Nd7 26. Nxb2 Ba7 27. Nc4 Kf8 28. Na5 Nb8 29. Nc4 e4 30. Nd6 e3 31. Nc8 1-0


[Site "https://www.chess.com"]

[Event "Titled Tuesday Blitz February 15 Early 2022"]
[White "Agasarov, Benik"]
[Black "Thunderbolt135"]
[WhiteFideId "13314823"]
[WhiteElo "2605"]
[BlackElo "2753"]
[Result "0-1"]
[Round "09"]
[TimeControl "180+1"]
[Date "2022.02.15"]
[WhiteClock "0:00:05"]
[BlackClock "0:00:18"]

1. e4 c5 2. Nf3 d6 3. d4 cxd4 4. Nxd4 Nf6 5. Nc3 Nc6 6. Bc4 e6 7. O-O Be7 8. Kh1 O-O 9. f4 Bd7 10. Nxc6 Bxc6 11. Bd3 b5 12. a3 a5 13. e5 dxe5 14. fxe5 Nd7 15. Bf4 b4 16. Ne4 Nc5 17. Nf6+ Bxf6 18. exf6 Nxd3 19. cxd3 Qxf6 20. Qe2 Qg6 21. Be5 Rfd8 22. d4 f6 23. Bc7 Re8 24. Bg3 Bd5 25. axb4 axb4 26. Qd2 Rxa1 27. Rxa1 b3 28. Rc1 h5 29. Qf2 Kh7 30. Bf4 Ra8 31. h4 Ra2 32. Rg1 Qe4 33. Bh2 Qg4 34. Qd2 Ra4 35. Qe3 Rxd4 36. Qg3 Qxg3 37. Bxg3 Rd2 38. Bf4 Rxb2 39. Kh2 Rc2 40. Kh3 Rxg2 41. Rb1 Rg4 42. Bg3 e5 43. Rb2 Be6 44. Rg2 b2 45. Kh2 b1=Q 46. Rf2 Qe4 47. Rxf6 Rxh4+ 48. Bxh4 Qxh4+ 49. Kg1 Qxf6 50. Kh2 Bd5 51. Kh3 Qf5+ 52. Kh2 Qf4+ 53. Kg1 Qg3+ 54. Kf1 Bc4# 0-1


[Site "https://www.chess.com"]

[Event "Titled Tuesday Blitz February 15 Early 2022"]
[White "Alavi, Sayed Javad"]
[Black "Fernandez, Michael"]
[WhiteFideId "12500607"]
[BlackFideId "5803560"]
[WhiteElo "2475"]
[BlackElo "2110"]
[Result "1-0"]
[Round "09"]
[TimeControl "180+1"]
[Date "2022.02.15"]
[WhiteClock "0:00:03"]
[BlackClock "0:00:05"]

1. d4 d5 2. Nf3 Nf6 3. Bf4 c5 4. e3 Nc6 5. Nbd2 cxd4 6. exd4 Bf5 7. c3 e6 8. Qb3 Qb6 9. Qxb6 axb6 10. Bb5 Nd7 11. Ne5 Ndxe5 12. Bxe5 Kd7 13. Nf3 f6 14. Bg3 Be4 15. O-O Bxf3 16. gxf3 Bd6 17. Rfe1 f5 18. Be5 Kc7 19. Bxd6+ Kxd6 20. a4 Rae8 21. Re2 Re7 22. Rae1 g5 23. Kg2 h6 24. Kg3 Na7 25. Bd3 Nc8 26. h4 Kd7 27. Bb5+ Kd6 28. Rh1 Rg7 29. hxg5 Rxg5+ 30. Kf4 Rg6 31. Rh5 Ne7 32. Rh1 h5 33. Ree1 h4 34. Rh3 Rg2 35. Ke3 f4+ 36. Ke2 Nf5 37. Bd3 Rg5 38. Reh1 Ra8 39. Bxf5 Rxf5 40. Rxh4 Rxa4 41. Kd3 Ra2 42. Kc2 Rf6 43. Rh7 Kc6 44. Rg7 e5 45. dxe5 Re6 46. Rh5 Kb5 47. Rf7 Ra4 48. Rhf5 d4 49. Rxf4 Rxe5 50. R7f5 Rxf5 51. Rxf5+ Kc6 52. Kb3 dxc3 53. Kxc3 Ra1 54. Rf6+ Kc7 55. Rf7+ Kc6 56. Rf6+ Kc7 57. Re6 Rc1+ 58. Kd2 Rf1 59. Re2 Kd6 60. Ke3 Rh1 61. f4 Rh3+ 62. Ke4 Ke6 63. Rc2 Rb3 64. Rd2 Rb4+ 65. Kf3 Kf5 66. Rd5+ Ke6 67. Re5+ Kf6 68. Re2 Kf5 69. Re5+ Kf6 70. Kg4 Rxb2 71. Rf5+ Kg6 72. Rg5+ Kf6 73. Rf5+ Kg6 74. Rg5+ Kf6 75. Kf3 b5 76. Rd5 b4 77. Rd6+ Kf5 78. Rb6 b3 79. Rb5+ Kf6 80. Rb6+ Kf5 81. Rb5+ Kf6 82. Rxb7 Rb1 83. Rb6+ Kf5 84. Rb5+ Kf6 85. Rb6+ Kf5 86. Rb4 Ke6 87. Rb6+ Kd5 88. f5 Kc4 89. f6 Rh1 90. Kf4 Rh8 91. Kf5 Kc5 92. Rxb3 Rh5+ 93. Kg6 Rh4 94. Rc3+ 1-0


[Site "https://www.chess.com"]

[Event "Titled Tuesday Blitz February 15 Early 2022"]
[White "Andreikin, Dmitry"]
[Black "Jobava, Baadur"]
[WhiteFideId "4158814"]
[BlackFideId "13601520"]
[WhiteElo "2736"]
[BlackElo "2617"]
[Result "0-1"]
[Round "09"]
[TimeControl "180+1"]
[Date "2022.02.15"]
[WhiteClock "0:00:10"]
[BlackClock "0:00:50"]

1. d4 d5 2. c4 c6 3. Nf3 Nf6 4. e3 Bg4 5. Nc3 e6 6. h3 Bxf3 7. gxf3 Nbd7 8. Bd2 g6 9. Qb3 Rb8 10. f4 Bg7 11. Bg2 O-O 12. O-O Nb6 13. cxd5 exd5 14. Rfd1 Nc4 15. Qc2 Re8 16. b3 Nd6 17. Kh2 Qd7 18. Rg1 Rbc8 19. Rad1 Nf5 20. Qd3 Re6 21. Ne2 Ne4 22. Bxe4 dxe4 23. Qc4 Nh4 24. Rg3 Nf3+ 25. Kg2 h5 26. f5 Nh4+ 27. Kh2 Nxf5 28. Nf4 Rd6 29. Rdg1 Nxg3 30. Rxg3 Kh7 31. Qc5 b6 32. Qc2 Qf5 33. Bb4 Rd7 34. Qc4 Bxd4 35. Bc3 b5 36. Qb4 a5 37. Qxa5 Ra7 38. Qb4 c5 39. Qxb5 Bxc3 40. Qb6 Rd7 41. h4 Be5 0-1


[Site "https://www.chess.com"]

[Event "Titled Tuesday Blitz February 15 Early 2022"]
[White "Annaberdiyev, Babageldi"]
[Black "Lazavik, Denis"]
[WhiteFideId "14000385"]
[BlackFideId "13515110"]
[WhiteElo "2332"]
[BlackElo "2436"]
[Result "1-0"]
[Round "09"]
[TimeControl "180+1"]
[Date "2022.02.15"]
[WhiteClock "0:00:39"]
[BlackClock "0:00:03"]

1. e4 e5 2. Nf3 Nc6 3. Bc4 Bc5 4. c3 Nf6 5. d4 exd4 6. cxd4 Bb4+ 7. Nc3 Nxe4 8. O-O Bxc3 9. d5 Bf6 10. Re1 Ne7 11. Rxe4 d6 12. Bg5 Bxg5 13. Nxg5 h6 14. Bb5+ Bd7 15. Qe2 Bxb5 16. Qxb5+ Qd7 17. Qe2 hxg5 18. Re1 O-O 19. Rxe7 Qf5 20. Qc4 Rac8 21. h3 a6 22. b3 c6 23. dxc6 Rxc6 24. Qd4 Rc2 25. a4 b5 26. Ra7 bxa4 27. bxa4 Rfc8 28. Ree7 R8c4 29. Qe3 Qf4 30. g3 Qxe3 31. Rxe3 Rc7 32. Rxa6 Ra2 33. Rf3 g6 34. Kg2 d5 35. Ra5 Rd7 36. Rd3 d4 37. Rxg5 Rxa4 38. Rc5 Kg7 39. h4 Rd6 40. Rc7 Rf6 41. Rc2 Rb4 42. Rcd2 1-0


[Site "https://www.chess.com"]

[Event "Titled Tuesday Blitz February 15 Early 2022"]
[White "Arabidze, Meri"]
[Black "Ozkan, Taha"]
[WhiteFideId "13604040"]
[BlackFideId "34577173"]
[WhiteElo "2329"]
[BlackElo "2024"]
[Result "1-0"]
[Round "09"]
[TimeControl "180+1"]
[Date "2022.02.15"]
[WhiteClock "0:00:13"]
[BlackClock "0:00:10"]

1. d4 d5 2. Nf3 c6 3. g3 Bf5 4. Bg2 e6 5. O-O Nd7 6. c4 Ngf6 7. b3 h6 8. Bb2 Bd6 9. e3 O-O 10. Qe2 Re8 11. Rd1 Qc7 12. Nc3 Rad8 13. Rac1 Qb8 14. a3 Bh7 15. b4 dxc4 16. Qxc4 e5 17. b5 exd4 18. Nxd4 c5 19. Nf3 b6 20. Qh4 Ne5 21. Nxe5 Bxe5 22. Qc4 Bf5 23. h3 Be6 24. Qe2 Bb3 25. Rxd8 Rxd8 26. f4 Bc7 27. e4 Qc8 28. e5 Ne8 29. Ne4 Bd5 30. Nd6 Nxd6 31. Bxd5 Nf5 32. Bc4 Nxg3 33. Qg2 Nf5 34. e6 fxe6 35. Qg6 Re8 36. Qxf5 Qd7 37. Qg6 Re7 38. f5 Qd2 39. Bxe6+ Kf8 40. Qg2 Qe3+ 41. Kh1 Be5 42. Bxe5 Qxe5 43. Rf1 Ke8 44. Qa8+ 1-0


[Site "https://www.chess.com"]

[Event "Titled Tuesday Blitz February 15 Early 2022"]
[White "Aradhya, Garg"]
[Black "Vidit, Santosh Gujrathi"]
[WhiteFideId "25006746"]
[BlackFideId "5029465"]
[WhiteElo "2169"]
[BlackElo "2654"]
[Result "1-0"]
[Round "09"]
[TimeControl "180+1"]
[Date "2022.02.15"]
[WhiteClock "0:00:50"]
[BlackClock "0:00:01"]

1. d4 Nf6 2. c4 e6 3. Nf3 d5 4. Nc3 a6 5. cxd5 exd5 6. Qb3 Be7 7. Bf4 O-O 8. e3 c6 9. Bd3 Nbd7 10. O-O Re8 11. Rac1 Nf8 12. h3 Ng6 13. Qc2 Bd6 14. Bxd6 Qxd6 15. a3 Ne7 16. Ne5 g6 17. g4 Nd7 18. f4 Kg7 19. Qf2 f6 20. Nf3 Nf8 21. Rce1 Ng8 22. e4 Qxf4 23. exd5 Bd7 24. Qh2 Qxh2+ 25. Kxh2 Rad8 26. dxc6 Rxe1 27. c7 Ree8 28. cxd8=Q Rxd8 29. Be4 b6 30. d5 Ne7 31. Nd4 Nc8 32. Bd3 b5 33. Ne4 Nb6 34. Nxf6 a5 35. Be4 Nc4 36. Rf2 a4 37. Nxd7 Rxd7 38. Ne6+ Nxe6 39. dxe6 Re7 40. Bc6 Nd6 41. Bd7 1-0


[Site "https://www.chess.com"]

[Event "Titled Tuesday Blitz February 15 Early 2022"]
[White "Atakhan, Abtin"]
[Black "Samunenkov, Ihor"]
[WhiteFideId "22502203"]
[BlackFideId "14187086"]
[WhiteElo "2119"]
[BlackElo "2406"]
[Result "0-1"]
[Round "09"]
[TimeControl "180+1"]
[Date "2022.02.15"]
[WhiteClock "0:00:02"]
[BlackClock "0:00:23"]

1. Nf3 c5 2. c4 Nc6 3. Nc3 e5 4. e3 Nf6 5. d4 e4 6. d5 exf3 7. dxc6 dxc6 8. Qxd8+ Kxd8 9. gxf3 Kc7 10. b3 Be7 11. Bb2 Rd8 12. Rg1 g6 13. f4 Bf5 14. f3 Nh5 15. Ne2 Rd3 16. Ng3 Rxe3+ 17. Kf2 Re6 18. Nxf5 gxf5 19. Kg2 Rg8+ 20. Kh1 Rxg1+ 21. Kxg1 Nxf4 22. Rd1 Bh4 23. Bc1 Ne2+ 24. Kh1 Nd4 25. Bf4+ Kb6 26. Bg2 Re2 27. b4 Bf2 28. bxc5+ Kxc5 29. Bf1 Rxa2 30. Rb1 b6 31. Bg5 Kd6 32. Bg2 Re2 33. Rd1 Re1+ 34. Rxe1 Bxe1 35. Bf1 a5 36. Bf4+ Kc5 37. Kg2 a4 38. Bc1 Kb4 39. Bd3 a3 40. Kf1 a2 41. Bb2 Bc3 0-1


[Site "https://www.chess.com"]

[Event "Titled Tuesday Blitz February 15 Early 2022"]
[White "Avazkhonov, Alikhon"]
[Black "Lakshmi C"]
[WhiteFideId "14208504"]
[BlackFideId "25035347"]
[WhiteElo "1739"]
[BlackElo "1775"]
[Result "0-1"]
[Round "09"]
[TimeControl "180+1"]
[Date "2022.02.15"]
[WhiteClock "0:00:01"]
[BlackClock "0:00:02"]

1. f4 d5 2. Nf3 Nf6 3. g3 c5 4. Bg2 Nc6 5. O-O g6 6. d3 Bg7 7. Qe1 O-O 8. e4 e6 9. Nc3 a6 10. h3 b5 11. exd5 exd5 12. Ne5 Bb7 13. Nxc6 Bxc6 14. Qf2 Qd6 15. Bd2 Rfe8 16. Rae1 Nh5 17. Kh2 Bd4 18. Qf3 Nf6 19. Nd1 c4 20. c3 Bb6 21. d4 Ne4 22. Bc1 f5 23. Nf2 Bc7 24. Nxe4 dxe4 25. Qf2 a5 26. Be3 Bd5 27. Rd1 b4 28. Rd2 Reb8 29. Rc1 a4 30. cxb4 Rxb4 31. Bf1 Ba5 32. Rdc2 Rab8 33. a3 Rb3 34. Bxc4 Bxc4 35. Rxc4 Rxb2 36. Rc8+ Kg7 37. R8c2 Qxa3 38. d5 Kh6 39. g4 Rxc2 40. Rxc2 Kg7 41. Bd4+ Kg8 42. Qh4 Qb3 43. Rg2 Qxd5 44. Qf6 Rb7 45. Qh8+ Kf7 46. Qxh7+ Ke8 47. Qxg6+ Qf7 48. gxf5 Qxg6 49. fxg6 Kf8 50. g7+ Kg8 51. h4 Bb4 52. h5 a3 53. h6 Rb8 54. f5 Bd6+ 55. Kh3 Bf4 56. Rg6 Kh7 57. Kg4 Bxh6 58. f6 a2 0-1


[Site "https://www.chess.com"]

[Event "Titled Tuesday Blitz February 15 Early 2022"]
[White "Bashirli, Saadat"]
[Black "Krylov, Ivan"]
[WhiteFideId "13429990"]
[BlackFideId "24128066"]
[WhiteElo "1173"]
[BlackElo "2258"]
[Result "0-1"]
[Round "09"]
[TimeControl "180+1"]
[Date "2022.02.15"]
[WhiteClock "0:00:49"]
[BlackClock "0:01:00"]

1. d4 d5 2. Bg5 Nf6 3. Nd2 e6 4. e4 dxe4 5. Nxe4 Be7 6. Bxf6 Bxf6 7. c3 O-O 8. Nf3 b6 9. Bd3 Bb7 10. O-O Nd7 11. Qc2 c5 12. dxc5 Bxe4 13. Bxe4 Rc8 14. cxb6 Qxb6 15. Bxh7+ Kh8 16. Bd3 g6 17. Bxg6 fxg6 18. Qxg6 Qc5 19. Rfe1 Qf5 20. Qh6+ Kg8 21. Rad1 Ne5 22. Nxe5 Bxe5 23. f3 Rf6 24. Qh4 Rcf8 25. Re4 Rg6 26. Rde1 Qxf3 27. R4e2 Bc7 28. Qe4 Bb6+ 29. Kh1 Qf1+ 30. Rxf1 Rxf1# 0-1


[Site "https://www.chess.com"]

[Event "Titled Tuesday Blitz February 15 Early 2022"]
[White "Bhagwat, Vinod"]
[Black "Gubanov, Oleg"]
[WhiteFideId "5005949"]
[BlackFideId "14115115"]
[WhiteElo "2115"]
[BlackElo "2080"]
[Result "0-1"]
[Round "09"]
[TimeControl "180+1"]
[Date "2022.02.15"]
[WhiteClock "0:00:01"]
[BlackClock "0:00:13"]

1. d4 b5 2. e4 Bb7 3. d5 Nf6 4. Bd3 e6 5. f3 exd5 6. exd5 a6 7. c4 Bb4+ 8. Bd2 Qe7+ 9. Ne2 bxc4 10. Bxc4 Nxd5 11. O-O Bxd2 12. Qxd2 Ne3 13. Rc1 Nxc4 14. Rxc4 d5 15. Rb4 c5 16. Rg4 f5 17. Rg3 O-O 18. Nf4 d4 19. Nh5 g6 20. Na3 Qe3+ 21. Qxe3 dxe3 22. Nf4 Re8 23. Nc4 Nc6 24. Re1 Rad8 25. h4 Kf7 26. h5 Rg8 27. hxg6+ hxg6 28. Rxe3 g5 29. Ne6 f4 30. Nxd8+ Rxd8 31. Rxg5 fxe3 32. Nxe3 Nd4 33. Rxc5 Re8 34. Ng4 Re7 35. Kf2 Ne6 36. Rf5+ Kg7 37. Re5 Kf7 38. b3 Rd7 39. Rf5+ Ke7 40. Re5 Rd2+ 41. Kg3 Rxa2 42. Ne3 Kf6 43. Rh5 Nd4 44. Ng4+ Kg6 45. Rh6+ Kg7 46. Rb6 Bc8 47. Rb8 Bxg4 0-1


[Site "https://www.chess.com"]

[Event "Titled Tuesday Blitz February 15 Early 2022"]
[White "Bodnaruk, Anastasia"]
[Black "Nogerbek, Kazybek"]
[WhiteFideId "4181751"]
[BlackFideId "13710427"]
[WhiteElo "2393"]
[BlackElo "2478"]
[Result "1/2-1/2"]
[Round "09"]
[TimeControl "180+1"]
[Date "2022.02.15"]
[WhiteClock "0:00:02"]
[BlackClock "0:00:03"]

1. e4 c5 2. Nc3 a6 3. Nge2 d6 4. g3 b5 5. Bg2 Bb7 6. d4 cxd4 7. Nxd4 Nf6 8. O-O b4 9. Nd5 Nbd7 10. Re1 e6 11. Nxf6+ Nxf6 12. Bg5 Qa5 13. Qd2 Be7 14. e5 Bxg2 15. exf6 gxf6 16. Kxg2 Qxg5 17. Qxb4 O-O 18. Nc6 Qd5+ 19. Qe4 Qxe4+ 20. Rxe4 Rfe8 21. Rg4+ Kh8 22. c4 f5 23. Rd4 Bf8 24. Rad1 Rec8 25. Na5 Rab8 26. Nb3 a5 27. R1d2 a4 28. Nc1 Rb4 29. b3 axb3 30. axb3 d5 31. Nd3 Rxb3 32. cxd5 Bg7 33. Rb4 Rxb4 34. Nxb4 Rd8 35. d6 Rd7 36. Nc6 Bf6 37. f4 Kg7 38. Kf3 Bc3 39. Rd3 Bb2 40. Ne5 Rd8 41. d7 Bxe5 42. fxe5 f6 43. Kf4 Kf7 44. h4 Ke7 45. h5 fxe5+ 46. Kxe5 Rxd7 47. Rxd7+ Kxd7 48. Kf6 Kd6 49. h6 e5 50. Kxf5 Kd5 51. g4 e4 52. Kf4 Kd4 53. g5 e3 54. g6 e2 55. gxh7 e1=Q 56. h8=Q+ Kd5 57. Qd8+ Kc6 58. Qf6+ Kd7 59. Qf7+ Kd8 60. Qg8+ Kd7 61. h7 Qf2+ 62. Ke4 Qe2+ 63. Kf5 Qf3+ 64. Kg6 Qg4+ 65. Kf6 Qf4+ 66. Kg7 Qg5+ 67. Kf8 Qd8+ 68. Kf7 Qe7+ 69. Kg6 Qe4+ 70. Kg5 Qe5+ 71. Kg6 Qe4+ 72. Kg5 Qe5+ 73. Kh6 Qh2+ 74. Kg7 Qg3+ 75. Kh8 Qf4 76. Qg7+ Ke8 77. Kg8 Qc4+ 78. Kh8 Qf7 79. Qg8+ Qf8 80. Qxf8+ Kxf8 1/2-1/2


[Site "https://www.chess.com"]